 Dungeon Crawl Stone Soup version 0.27-a0-1181-g5f64966fcc (webtiles) character file.

Game seed: 8414806983939784674

136292 Shayle the Sculptor of Flesh (level 16, -26/135 HPs)
             Began as a Palentonga Fighter on May 17, 2021.
             Was an Elder of Yredelemnul.
             Killed from afar by an ice dragon (64 damage)
             ... with a blast of cold
             ... on level 1 of the Snake Pit on May 18, 2021.
             The game lasted 01:58:07 (35381 turns).

Shayle the Sculptor of Flesh (Palentonga Fighter)  Turns: 35381, Time: 01:58:08

Health: -26/135    AC: 27    Str: 24    XL:     16   Next: 36%
Magic:  17/28      EV:  6    Int: 11    God:    Yredelemnul [****..]
Gold:   1333       SH: 12    Dex: 19    Spells: 15/15 levels left

rFire    . . .     SeeInvis +   C - +8 demon blade of the Muttering Gnat {venom, Will+ Int+3}
rCold    . . .     Faith    +   c - +0 kite shield
rNeg     . . .     Spirit   .   j - +4 chain mail
rPois    .         Reflect  .   b - +0 helmet
rElec    .         Harm     .   w - +0 cloak
rCorr    +         Rampage  .   F - +1 pair of gloves
Will     ++...                  (no barding)
Stlth    ..........             Y - amulet of faith
HPRegen  0.32/turn              v - +6 ring of dexterity
MPRegen  0.21/turn              E - ring of resist corrosion

@: studying 2 skills, curled up
A: large, rugged brown scales 3, see invisible, deformed body, roll 1, armoured
tail, reflexive curl
}: 1/15 runes: barnacled
a: Rolling Charge, Renounce Religion, Recall Undead Slaves, Injury Mirror,
Animate Dead, Drain Life


You were on level 1 of the Snake Pit.
You worshipped Yredelemnul.
Yredelemnul was greatly pleased with you.
You visited 5 branches of the dungeon, and saw 26 of its levels.
You also visited: Sewer and Gauntlet.

You collected 2798 gold pieces.
You spent 1465 gold pieces at shops.

Inventory:

Hand Weapons
 C - the +8 demon blade of the Muttering Gnat (weapon) {venom, Will+ Int+3}
   (You found it on level 1 of the Lair of Beasts)

   It poisons the flesh of those it strikes.
   It affects your intelligence (+3).
   It increases your willpower.
 V - the +5 dagger of Sivizxuf {chaos, rPois Will+ Dex+3}
   (You found it on level 11 of the Dungeon)

   Each time it hits an enemy it has a different, random effect.
   It affects your dexterity (+3).
   It protects you from poison.
   It increases your willpower.
 X - the +4 scimitar "Xore" {venom, rN+ Str+2 Int+2}
   (You found it on level 13 of the Dungeon)

   It poisons the flesh of those it strikes.
   It affects your strength (+2).
   It affects your intelligence (+2).
   It protects you from negative energy.
Missiles
 a - 17 boomerangs of dispersal
 x - 11 throwing nets
 D - 10 atropa-tipped darts
 N - 18 curare-tipped darts
Armour
 b - a +0 helmet (worn)
 c - a +0 kite shield (worn)
 j - a +4 chain mail (worn)
 n - a +2 ring mail of fire resistance
 w - a +0 cloak (worn)
 F - a +1 pair of gloves (worn)
Jewellery
 i - an amulet of reflection
 v - a +6 ring of dexterity (left hand)
 E - a ring of resist corrosion (right hand)
 O - a ring of willpower
 R - a ring of protection from cold
 Y - an amulet of faith (around neck)
Wands
 m - a wand of mindburst (4)
 o - a wand of flame (72)
 H - a wand of paralysis (8)
 K - a wand of iceblast (9)
 P - a wand of digging (11)
Scrolls
 f - a scroll of blinking
 g - a scroll of summoning
 h - 3 scrolls of fog
 k - a scroll of fear
 t - a scroll of magic mapping
 B - a scroll of brand weapon
 J - 4 scrolls of teleportation
 U - 2 scrolls of vulnerability
Potions
 d - a potion of might
 e - a potion of resistance
 l - 5 potions of curing
 s - 4 potions of mutation
 z - 3 potions of haste
 I - a potion of lignification
 M - 5 potions of brilliance
 Q - 2 potions of magic
 W - 2 potions of cancellation
Miscellaneous
 p - a condenser vane


   Skills:
 + Level 12.3 Fighting
 * Level 15.1 Long Blades
 + Level 10.5 Armour
 - Level 9.0 Shields
 * Level 17.4 Invocations


You had 15 spell levels left.
You didn't know any spells.
Your spell library contained the following spells:

 Spells                   Type           Power      Damage    Failure   Level
 Apportation              Tloc           0%         N/A       88%         1
 Magic Dart               Conj           0%         1d3       88%         1
 Shock                    Conj/Air       0%         1d3       88%         1
 Summon Small Mammal      Summ           0%         N/A       88%         1
 Call Imp                 Summ           0%         N/A       95%         2
 Corpse Rot               Necr/Air       N/A        N/A       95%         2
 Passwall                 Tmut/Erth      0%         N/A       95%         2
 Searing Ray              Conj           0%         3d3       95%         2
 Call Canine Familiar     Summ           0%         N/A       99%         3
 Dazzling Flash           Conj/Hex       0%         N/A       99%         3
 Portal Projectile        Hex/Tloc       0%         N/A       99%         3
 Stone Arrow              Conj/Erth      0%         3d7       99%         3
 Summon Guardian Golem    Hex/Summ       0%         N/A       99%         3
 Swiftness                Air            0%         N/A       99%         3
 Fulminant Prism          Conj/Hex       0%         3d6       100%        4
 Ice Form                 Ice/Tmut       0%         N/A       100%        4
 Iskenderun's Mystic Bla  Conj/Tloc      0%         2d3       100%        4
 Passage of Golubria      Tloc           N/A        N/A       100%        4
 Summon Ice Beast         Ice/Summ       0%         N/A       100%        4
 Summon Lightning Spire   Summ/Air       0%         N/A       100%        4
 Hydra Form               Tmut           0%         N/A       100%        5
 Lee's Rapid Deconstruct  Erth           0%         3d5*      100%        5
 Summon Forest            Summ/Tloc      0%         N/A       100%        5
 Eringya's Noxious Bog    Tmut/Pois      0%         N/A       100%        6
 Invisibility             Hex            0%         N/A       100%        6
 Starburst                Conj/Fire      0%         8x6d3     100%        6
 Malign Gateway           Summ/Tloc      0%         N/A       100%        7
 Spellforged Servitor     Conj/Summ      0%         N/A       100%        7
 Summon Hydra             Summ           0%         N/A       100%        7
 Chain Lightning          Conj/Air       0%         N/A       100%        8
 Lehudib's Crystal Spear  Conj/Erth      0%         10d2      100%        8
 Absolute Zero            Ice            0%         ∞         100%        9
 Fire Storm               Conj/Fire      0%         5d1       100%        9


Dungeon Overview and Level Annotations

Branches:
Dungeon (14/15)            Temple (1/1) D:4            Lair (6/6) D:9
 Shoals (4/4) Lair:3        Snake (1/4) Lair:4        Slime (0/5) Lair:5
    Orc (0/2) D:12          Sewer (visited)         Gauntlet (visited)
 Vaults: D:13-14

Altars:
Ashenzari
Cheibriados
Dithmenos
Fedhas
Gozag
Hepliaklqana
Kikubaaqudgha
Makhleb
Okawaru
Qazlal
Ru
Sif Muna
Trog
Uskayaw
Vehumet
Wu Jian
Xom
Yredelemnul
Zin

Shops:
D:3 *(   D:8 !   D:9 ?==((   Shoals:3 !

Portals:
Ice
Cave: Snake:1

Annotations:
D:14 2 transporters, Admiral's ghost, journeyman DjCj
Snake:1 exclusion: ice statue


Innate Abilities, Weirdness & Mutations

You are completely covered in rugged brown scales. (AC +3, +7% HP)
You have supernaturally acute eyesight. (SInv)
Armour fits poorly on your strangely shaped body.
You can roll at nearby foes to attack.
You have a long armoured tail.
You curl defensively after being hit.


Message History

You hit the ice dragon.
The ice dragon is moderately wounded.
The ice dragon bites you but does no damage.
You block the ice dragon's attack.
The ice dragon tramples you but does no damage.
Unknown command.
Aiming: Paralyse
Press: ? - help, Shift-Dir - straight line, f - ice dragon
Aim: an ice dragon (moderately wounded, catching its breath, chance to affect: 28%)
The ice dragon easily resists.
The ice dragon bites you!
* * * LOW HITPOINT WARNING * * *
You block the ice dragon's attack.
The ice dragon tramples you but does no damage.
You hit the ice dragon but do no damage.
Your tail-slap misses the ice dragon.
The ice dragon is moderately wounded.
Unknown command.
You slash the ice dragon!
The ice dragon is poisoned.
Your tail-slap misses the ice dragon.
The ice dragon is moderately wounded.
The ice dragon bites you but does no damage.
The ice dragon claws you.
* * * LOW HITPOINT WARNING * * *
You block the ice dragon's attack.
Okay, then.
You feel much better. The ice dragon bites you!
* * * LOW HITPOINT WARNING * * *
The ice dragon claws you.
* * * LOW HITPOINT WARNING * * *
The ice dragon tramples you.
* * * LOW HITPOINT WARNING * * *
You stumble backwards!
Okay, then.
You draw life from your surroundings.
The ice dragon is drained of life.
The ice dragon is heavily wounded.
You feel life flooding into your body. The ice dragon breathes frost at you.
The blast of cold hits you!!!
You die...
Your body rises from the dead as a mindless zombie.

,* *,*,....(.)..)..........,,*
,** **,**.............Y......,,,
,,****,,,*#...........>..○....,,,
,,,,,,,,,,#...............Z8∩.,,,
,,,,,,,,,,##..................,,,
,,,*,,,,,,##..................,,,
,,,*,,,,,,....................,,,
,,,*,,,,,,..##...D............,,,
,,,*,,,,,,,**#..@........#....,,,
,***,,,,,,,* ##.........##....,,,
****,,,,,,,* #.........#*,...,**
,**,,,,,**,** ##..........**,,,**
,,,,,,,****,** #...........,,,,,*
,,,,,******,,**#..####..###**,,,,
,,,,,****,,,,,,...#***.##* **,,,
,,,,,,**,,,,,,,.#.#*,,,,,*** **,*
,,,,,,**,,,,,,,,,,,,****,,,** *,*


You could see an ice dragon (very poisoned, catching breath) and an ice beast
(summoned, wandering).

Vanquished Creatures
  2 krakens (Shoals:3)
  Kirke (Lair:5)
  A minotaur (Gauntlet)
  3 merfolk javelineers (Shoals:4)
  A fire dragon (Lair:6)
  7 merfolk impalers
  6 hydras
  5 merfolk avatars
  2 catoblepae
  2 centaur warriors
  2 boulder beetles
  A naga warrior (Snake:1)
  An anaconda (Snake:1)
  A death knight (D:11)
  2 two-headed ogres
  10 death yaks
  A merfolk aquamancer (Shoals:4)
  The ghost of Hougom the Blocker, a journeyman GrFi of Okawaru (Lair:1)
  Sonja (D:12)
  3 naga sharpshooters (Snake:1)
  3 fire crabs
  8 sea snakes
  3 harpies (Shoals:1)
  8 fauns
  An oklob plant (Lair:1)
  3 cyclopes
  9 manticores
  10 elephants
  8 merfolk sirens
  3 water nymphs
  7 black mambas
  2 molten gargoyles (Lair:6)
  A naga mage (Snake:1)
  A smoke demon (Gauntlet)
  2 torpor snails
  9 cane toads
  11 komodo dragons
  An unseen horror (D:12)
  A komodo dragon (shapeshifter) (D:8)
  2 freezing wraiths (D:11)
  6 rime drakes
  A polar bear (Lair:4)
  2 hornets
  2 wind drakes
  A troll (D:10)
  21 merfolk
  13 blink frogs
  9 snapping turtles
  8 dream sheep
  2 wraiths (D:11)
  48 yaks
  6 spriggans (Lair:5)
  A vampire (D:12)
  9 fire bats (Gauntlet)
  7 basilisks
  A water elemental (Shoals:1)
  7 wyverns
  3 hogs (Lair:5)
  A vampire mosquito (D:8)
  3 steam dragons
  8 nagas
  Edmund (D:6)
  10 water moccasins
  6 hell hounds
  2 orc warriors
  2 black bears
  A sky beast (D:5)
  20 wolves
  6 ogres
  2 phantoms
  11 centaurs
  3 kobold brigands
  A gnoll sergeant (D:10)
  19 bullfrogs
  2 scorpions
  A water moccasin skeleton (D:5)
  3 howler monkeys
  3 crimson imps (Gauntlet)
  3 bullfrog zombies
  4 lava snakes (Lair:6)
  3 hounds
  5 orc priests
  Crazy Yiuf (D:3)
  2 centaur skeletons (D:7)
  Terence (D:2)
  2 iguanas
  5 orc wizards
  Natasha (thrice) (D:2)
  5 hell rats
  2 killer bee zombies
  3 howler monkey zombies
  Robin (D:2)
  9 gnolls
  11 adders
  A shadow imp (D:5)
  A white imp (D:5)
  An adder skeleton (D:4)
  5 worms
  6 dart slugs
  38 orcs
  7 bats
  16 endoplasms
  14 giant cockroaches
  28 goblins
  8 hobgoblins
  3 jackals (D:1)
  17 kobolds
  14 quokkas
  21 ball pythons
  14 frilled lizards
  8 rats
  2 plants
  5 tentacles (Shoals:3)
667 creatures vanquished.

Vanquished Creatures (collateral kills)
  Gastronok (D:12)
  Ilsuiw (Shoals:4)
  4 merfolk javelineers
  5 merfolk impalers
  A hydra (Lair:1)
  A merfolk avatar (Shoals:1)
  A death yak (Shoals:4)
  A shock serpent (Snake:1)
  6 sea snakes
  6 harpies
  A manticore (Shoals:4)
  13 fauns
  6 merfolk sirens
  2 cyclopes
  3 black mambas (Lair:6)
  3 water nymphs
  A molten gargoyle (Lair:6)
  A rime drake (Lair:6)
  2 komodo dragons (Lair:6)
  A cane toad (Lair:1)
  14 merfolk
  4 wind drakes
  2 blink frogs
  2 dream sheep (Shoals:3)
  5 snapping turtles
  3 wyverns
  A water elemental (Shoals:3)
  A wraith (D:12)
  2 basilisks (Lair:6)
  A steam dragon (Lair:6)
  A hell hound (Lair:6)
  A centaur (Shoals:4)
  3 bullfrogs
  A hell rat (Lair:6)
  A gnoll (D:10)
  11 orcs (D:12)
  A kobold (D:10)
  A plant (Lair:6)
  3 tentacles (Shoals:3)
118 creatures vanquished.

Vanquished Creatures (others)
  A merfolk aquamancer (Shoals:4)
  A spectral cyclops (Shoals:4)
  2 skeletal warriors
  3 phantasmal warriors
  2 flying skulls (Lair:6)
  2 vampires
  5 wraiths
  A human (Lair:5)
  A kobold brigand (D:9)
  A wight (Lair:5)
  A centaur skeleton (Shoals:4)
  2 death yak zombies (Shoals:4)
  5 harpy zombies
  3 sea snake zombies (Shoals:4)
  An orc wizard (D:6)
  A hell rat (Lair:6)
  A hydra zombie (Lair:6)
  5 merfolk skeletons (Shoals:4)
  2 mummies
  2 wind drake zombies
  A rime drake skeleton (Lair:6)
  2 faun zombies (Shoals:2)
  4 komodo dragon zombies (Lair:6)
  23 merfolk zombies
  5 naga zombies (Snake:1)
  A faun skeleton (Shoals:3)
  A water nymph zombie (Shoals:4)
  A snapping turtle zombie (Shoals:4)
  A snapping turtle skeleton (Shoals:4)
  A black mamba zombie (Lair:6)
  2 centaur zombies
  4 manticore zombies
  A wyvern zombie (Lair:6)
  A blink frog zombie (Lair:1)
  A dream sheep zombie (Shoals:4)
  2 water moccasin zombies
  A wyvern skeleton (Lair:6)
  A basilisk skeleton (Lair:6)
  A cyclops skeleton (Shoals:4)
  A basilisk zombie (Lair:6)
  A steam dragon zombie (Lair:6)
  2 hell rat skeletons (Lair:6)
  2 kobolds (D:9)
  A kobold skeleton (D:7)
  4 yak skeletons (Lair:6)
  5 yak zombies (Lair:1)
  30 fungi
  165 plants
  21 tentacles (Shoals:3)
328 creatures vanquished.

Grand Total: 1113 creatures vanquished

Notes
Turn   | Place    | Note
-------+----------+-------------------------------------------
     0 | D:1      | Shayle the Palentonga Fighter began the quest for the Orb.
     0 | D:1      | Reached XP level 1. HP: 19/19 MP: 1/1
   212 | D:1      | Reached XP level 2. HP: 21/25 MP: 2/2
   744 | D:1      | Reached XP level 3. HP: 29/31 MP: 3/3
  1462 | D:2      | Reached XP level 4. HP: 37/37 MP: 4/4
  1538 | D:2      | Found a faded altar of an unknown god.
  1540 | D:2      | Noticed Terence
  1551 | D:2      | Killed Terence
  1555 | D:2      | Noticed Robin
  1574 | D:3      | Noticed Natasha
  2024 | D:2      | Killed Robin
  2330 | D:2      | Killed Natasha
  2331 | D:2      | Reached XP level 5. HP: 43/43 MP: 5/5
  2385 | D:2      | Noticed Natasha
  2389 | D:2      | Killed Natasha
  2714 | D:2      | Noticed Natasha
  2721 | D:2      | Killed Natasha
  2940 | D:3      | Found a runed translucent door.
  2941 | D:3      | Noticed Crazy Yiuf
  3265 | D:3      | Reached XP level 6. HP: 47/50 MP: 6/6
  3353 | D:3      | Found Kolokiap's General Store.
  3365 | D:3      | Bought a scroll of magic mapping for 42 gold pieces
  3365 | D:3      | Bought a potion of flight for 36 gold pieces
  3537 | D:3      | Found Adorghon's Antique Weapon Shoppe.
  3936 | D:3      | Killed Crazy Yiuf
  3937 | D:3      | Reached skill level 5 in Long Blades
  4479 | D:4      | Reached skill level 5 in Shields
  4479 | D:4      | Gained mutation: You curl defensively after being hit.
                  | [Palentonga growth]
  4479 | D:4      | Reached XP level 7. HP: 16/55 MP: 7/7
  4705 | D:4      | Found a staircase to the Ecumenical Temple.
  4714 | Temple   | Entered the Ecumenical Temple
  4846 | Temple   | Became a worshipper of Yredelemnul the Dark
  5001 | D:4      | Reached skill level 1 in Invocations
  5438 | D:4      | Found a burning altar of Makhleb.
  5585 | D:4      | Identified the +2 chain mail "Hezikh" {rC- Regen+ Str+2
                  | Stlth+}
  5824 | D:5      | Entered Level 5 of the Dungeon
  5836 | D:5      | Reached skill level 2 in Invocations
  5974 | D:5      | Reached skill level 3 in Invocations
  6022 | D:5      | Reached XP level 8. HP: 62/64 MP: 10/10
  6113 | D:5      | Reached skill level 4 in Invocations
  6258 | D:5      | Reached * piety under Yredelemnul
  6456 | D:5      | Reached skill level 5 in Invocations
  6740 | D:6      | Noticed Edmund
  6748 | D:6      | Killed Edmund
  6934 | D:6      | Reached skill level 6 in Invocations
  6991 | D:6      | Found a glowing drain.
  6998 | Sewer    | Entered a sewer
  7016 | Sewer    | Reached XP level 9. HP: 71/71 MP: 13/13
  7022 | Sewer    | Reached ** piety under Yredelemnul
  7154 | Sewer    | Reached skill level 5 in Fighting
  7238 | Sewer    | Reached *** piety under Yredelemnul
  7454 | D:6      | Identified the +3 leather armour of the Comet {rC+ Str+4}
  8495 | D:7      | Reached skill level 7 in Invocations
  9563 | D:8      | Noticed a komodo dragon
  9577 | D:8      | Killed a komodo dragon
  9578 | D:8      | Reached skill level 5 in Armour
  9578 | D:8      | Reached skill level 8 in Invocations
  9731 | D:8      | Noticed a two-headed ogre
  9741 | D:8      | Killed a two-headed ogre
  9742 | D:8      | Reached XP level 10. HP: 54/81 MP: 16/16
 10494 | D:8      | Found Gihez's Distillery.
 10497 | D:8      | Bought a potion of heal wounds for 60 gold pieces
 10497 | D:8      | Bought a potion of heal wounds for 60 gold pieces
 10497 | D:8      | Bought a potion of attraction for 36 gold pieces
 10497 | D:8      | Bought a potion of brilliance for 48 gold pieces
 10497 | D:8      | Bought a potion of curing for 36 gold pieces
 10497 | D:8      | Bought a potion of heal wounds for 60 gold pieces
 10497 | D:8      | Bought a potion of heal wounds for 60 gold pieces
 10529 | D:9      | Found Bihaofry's Jewellery Shoppe.
 10537 | D:9      | Found Jynirep's Antique Weapon Emporium.
 10650 | D:9      | Reached skill level 9 in Invocations
 10913 | D:9      | Found a staircase to the Lair.
 11295 | D:9      | Found Yvosuxuo's Jewellery Emporium.
 11362 | D:9      | Paralysed by a hornet for 3 turns
 11370 | D:9      | Paralysed by a hornet for 3 turns
 11618 | D:9      | Found Zism's Magic Scroll Emporium.
 12174 | D:9      | Found Socasa's Weapon Shoppe.
 12534 | Lair:1   | Entered Level 1 of the Lair of Beasts
 12645 | Lair:1   | Found a runed translucent door.
 12753 | Lair:1   | Identified the +8 demon blade of the Muttering Gnat {venom,
                  | Will+ Int+3}
 12964 | Lair:1   | Reached skill level 10 in Invocations
 12991 | Lair:1   | Reached XP level 11. HP: 41/89 MP: 18/18
 13043 | Lair:1   | HP: 3/89 [basilisk (12)]
 13537 | Lair:1   | Noticed Hougom's ghost (journeyman GrFi)
 13615 | Lair:1   | Noticed a six-headed hydra
 13633 | Lair:1   | Killed a six-headed hydra
 14011 | Lair:1   | Noticed an oklob plant
 14121 | Lair:2   | Noticed a five-headed hydra
 14471 | Lair:1   | Reached skill level 11 in Invocations
 14979 | Lair:2   | Noticed a catoblepas
 15033 | Lair:1   | Killed a five-headed hydra
 15215 | Lair:1   | Killed a catoblepas
 16153 | Lair:2   | Reached XP level 12. HP: 91/100 MP: 20/20
 16586 | Lair:3   | Noticed a four-headed hydra
 16594 | Lair:3   | Killed a four-headed hydra
 16595 | Lair:3   | Reached skill level 12 in Invocations
 16846 | Lair:3   | Found a staircase to the Shoals.
 17787 | Lair:4   | Found a staircase to the Snake Pit.
 17905 | Lair:4   | Noticed a death yak
 17906 | Lair:4   | Noticed a death yak
 17937 | Lair:4   | Killed a death yak
 17942 | Lair:4   | Killed a death yak
 18094 | Lair:4   | Reached skill level 10 in Long Blades
 18198 | Lair:4   | Noticed a six-headed hydra
 18213 | Lair:4   | Killed a six-headed hydra
 18393 | Lair:4   | Reached XP level 13. HP: 96/108 MP: 22/22
 18708 | Lair:5   | Reached skill level 13 in Invocations
 18889 | Lair:5   | Reached **** piety under Yredelemnul
 18931 | Lair:5   | Received a gift from Yredelemnul (a mummy)
 19353 | Lair:5   | Received a gift from Yredelemnul (a wight)
 19712 | Lair:5   | Noticed Kirke
 19743 | Lair:5   | Killed Kirke
 20713 | Lair:5   | Received a gift from Yredelemnul (2 flying skulls)
 20726 | Lair:5   | Found a staircase to the Slime Pits.
 20934 | Lair:5   | Reached skill level 10 in Fighting
 21113 | Lair:6   | Entered Level 6 of the Lair of Beasts
 21124 | Lair:6   | Reached skill level 14 in Invocations
 21365 | Lair:6   | Received a gift from Yredelemnul (a mummy)
 22076 | Lair:6   | Received a gift from Yredelemnul (a wraith)
 22101 | Lair:6   | HP: 3/110 [hell hound (4)]
 22534 | Lair:6   | Reached XP level 14. HP: 113/117 MP: 24/24
 22688 | Lair:6   | Reached ***** piety under Yredelemnul
 22704 | Lair:6   | Found a large runed translucent door.
 22705 | Lair:6   | Found a large runed translucent door.
 22972 | Lair:6   | Received a gift from Yredelemnul (a wraith)
 24259 | D:10     | Entered Level 10 of the Dungeon
 24264 | D:10     | Received a gift from Yredelemnul (a wraith)
 25128 | D:11     | Received a gift from Yredelemnul (a wraith)
 25207 | D:11     | Found a gate leading to a gauntlet.
 25219 | Gauntlet | Entered a Gauntlet
 25219 | Gauntlet | Found a transporter.
 25219 | Gauntlet | Found a transporter.
 25367 | Gauntlet | Found a transporter.
 25371 | Gauntlet | Found a transporter.
 25375 | Gauntlet | Found a runed translucent door.
 25377 | Gauntlet | Found a runed translucent door.
 25379 | Gauntlet | Found a transporter.
 25383 | Gauntlet | Found a transporter.
 25395 | Gauntlet | Found a transporter.
 25400 | Gauntlet | Found a runed translucent door.
 25407 | Gauntlet | Found a transporter.
 25421 | Gauntlet | Found a transporter.
 25425 | Gauntlet | Found a transporter.
 25433 | Gauntlet | Found a transporter.
 25437 | Gauntlet | Found a transporter.
 25438 | Gauntlet | Found the +2 ratskin cloak {*Rats rPois rN+ Str-1 Int-1
                  | Dex+1}
 25584 | Gauntlet | Reached skill level 15 in Invocations
 25593 | Gauntlet | Received a gift from Yredelemnul (a vampire)
 26222 | D:11     | Identified the +5 dagger of Sivizxuf {chaos, rPois Will+
                  | Dex+3}
 26327 | D:11     | You fall into a shaft and drop 3 floors!
 26328 | D:14     | Found a transporter.
 26336 | D:14     | Noticed Admiral's ghost (journeyman DjCj)
 26342 | D:14     | Found a transporter.
 26369 | D:13     | Identified the +4 scimitar "Xore" {venom, rN+ Str+2 Int+2}
 26435 | D:12     | Found a staircase to the Orcish Mines.
 26437 | D:12     | Received a gift from Yredelemnul (a skeletal warrior)
 26475 | D:12     | Received a gift from Yredelemnul (a wraith)
 26592 | D:12     | Noticed Gastronok
 26605 | D:12     | Killed Gastronok
 26630 | D:12     | Noticed Sonja
 26637 | D:12     | Killed Sonja
 26688 | D:11     | Found a shimmering altar of Xom.
 26689 | D:11     | Found a shimmering altar of Xom.
 26689 | D:11     | Found a shimmering altar of Xom.
 26689 | D:11     | Found a shimmering altar of Xom.
 26689 | D:11     | Found a shimmering altar of Xom.
 26689 | D:11     | Found a shimmering altar of Xom.
 26689 | D:11     | Found a shimmering altar of Xom.
 26748 | D:9      | Bought a scroll of acquirement for 676 gold pieces
 26773 | D:9      | Acquired 1086 gold pieces
 26898 | Lair:1   | Killed Hougom's ghost
 27136 | Shoals:1 | Entered Level 1 of the Shoals
 27233 | Shoals:1 | Received a gift from Yredelemnul (a skeletal warrior)
 28347 | Shoals:2 | Reached XP level 15. HP: 111/126 MP: 26/26
 28523 | Shoals:2 | Received a gift from Yredelemnul (a phantasmal warrior)
 29718 | Shoals:2 | Reached skill level 16 in Invocations
 30245 | Shoals:3 | Received a gift from Yredelemnul (a vampire)
 30573 | Shoals:3 | Noticed a kraken
 30617 | Shoals:3 | Killed a kraken
 30663 | Shoals:3 | Noticed a kraken
 30716 | Shoals:3 | Killed a kraken
 30879 | Shoals:3 | Found Recleqateng's Distillery.
 31106 | Shoals:3 | Bought a potion of curing for 39 gold pieces
 31106 | Shoals:3 | Bought a potion of magic for 104 gold pieces
 31106 | Shoals:3 | Bought a potion of curing for 39 gold pieces
 31106 | Shoals:3 | Bought a potion of heal wounds for 65 gold pieces
 31106 | Shoals:3 | Bought a potion of magic for 104 gold pieces
 31423 | Shoals:3 | Received a gift from Yredelemnul (a phantasmal warrior)
 31788 | Shoals:4 | Entered Level 4 of the Shoals
 31857 | Shoals:4 | Identified the Disquisition on Orientation and
                  | Transmigration
 32081 | Shoals:4 | Reached skill level 10 in Armour
 32289 | Shoals:4 | Paralysed by a centaur for 6 turns
 32343 | Shoals:4 | Identified the +5 hand axe of Sharkskin {vorpal, rF+}
 32691 | Shoals:4 | Noticed Polyphemus
 32704 | Shoals:4 | Killed Polyphemus
 32704 | Shoals:4 | Enslaved Polyphemus
 33003 | Shoals:4 | Noticed Ilsuiw
 33013 | Shoals:4 | Your ally Polyphemus died
 33044 | Shoals:4 | Killed Ilsuiw
 33045 | Shoals:4 | Reached skill level 17 in Invocations
 33045 | Shoals:4 | Reached XP level 16. HP: 46/135 MP: 6/28
 33403 | Shoals:4 | Your ally Ilsuiw died
 33820 | Shoals:4 | Identified Vehumet's Compendium of Attacks and the
                  | Volcanoes
 34112 | Shoals:4 | Received a gift from Yredelemnul (a phantasmal warrior)
 34215 | Shoals:4 | Got a barnacled rune of Zot
 35066 | Snake:1  | Entered Level 1 of the Snake Pit
 35127 | Snake:1  | Reached skill level 15 in Long Blades
 35360 | Snake:1  | Found a frozen archway.
 35381 | Snake:1  | Killed from afar by an ice dragon

Illustrated notes

Levels and vault maps discovered:
D:1:      shiori_arrival_oz, layout_basic, serial_park_tiny_2, minmay_bisected
D:2:      layout_loops_ring, ebering_ecumenical_altar_sacrificial,
          minmay_indecisive_spiral, uniq_terence, uniq_robin
D:3:      layout_basic, serial_shops, nicolae_shop_trees, shop,
          minmay_misc_feat_pillars, kennysheep_pointless_box,
          minmay_starry_boxes, uniq_natasha, uniq_crazy_yiuf_cottage
D:4:      layout_basic, lemuel_doored_altar,
          minmay_temple_entry_statues_pillars, minmay_misc_feat_chi
D:5:      layout_loops_ring, minmay_ogre_servants
D:6:      layout_loops_ring, gup_sewer_entry_bubbles, uniq_edmund
D:7:      lemuel_ice_spiral_2, layout_basic
D:8:      layout_basic, serial_shops, kennysheep_mini,
          minmay_manual_mandibuliform
D:9:      layout_layer_cave, dpeg_oklobed_lair, serial_shops, shop,
          nicolae_shop_waterfront, shop, shop, nicolae_shop_crystal,
          amcnicky_mini_rare_corridor_liquid, chequers_serial_rivers_marsh,
          dk_noncrumbling_2
D:10:     layout_grid_maze
D:11:     layout_loops_corners, gauntlet_entry_generic, xom_shifter_show
D:12:     layout_rooms, hiddenorc2_lemuel, serial_shops, shop, uniq_sonja,
          uniq_azrael, uniq_gastronok
D:13:     layout_cave_pools, hangedman_vaults_entry_quadrant_bands
D:14:     minmay_recursive_quarters, layout_gridville, gammafunk_ghost_arena,
          ashenzari_altar_1, yredelemnul_altar_generic, uniq_louise
Temple:   minmay_crystal_snake_temple
Lair:1:   layout_concentric_octagons, ebering_ghost_reflecting_pool,
          nicolae_quartered_pool_little, fungi_pond_lemuel,
          cheibrodos_lair_caveside_slide, minmay_holes,
          minmay_lair_oklob_chamber
Lair:2:   layout_cave_shapes, grunt_megastairs_4
Lair:3:   layout_misc_corridors, elwin_shoals_entry_stream,
          infiniplex_staircase_pool_2
Lair:4:   layout_regular_city, minmay_snake_entry_guardpost_small,
          beast_lair_carwin_11
Lair:5:   layout_long_grid, dpeg_slime_entry_corner, wad_woods_01,
          grunt_megastairs_2, uniq_kirke
Lair:6:   cheibrodos_lair_end_hotspot, layout_loops_ring, special_room
          [special_room_mythical_zoo], chequers_serial_rivers_room_a
Shoals:1: layout_shoals
Shoals:2: layout_shoals
Shoals:3: layout_shoals, serial_shops, shop
Shoals:4: shoals_end_simple, layout_shoals, shoals_ilsuiw_ice, centaur_isle,
          uniq_polyphemus
Snake:1:  layout_chambers, portal_ice_cave_entry_ice_statue_two

Skill      XL: |  1  2  3  4  5  6  7  8  9 10 11 12 13 14 15 16 |
---------------+-------------------------------------------------+-----
Long Blades    | 3 4 5 6 8 10 11 13 14 15 | 15.1
Shields        | 3 4 5 6 7 8 9 |  9.0
Invocations    | 3 6 8 10 11 12 14 15 17 | 17.4
Armour         | 3 4 5 6 7 8 9 10 | 10.5
Fighting       | 4 6 7 8 9 10 11 12 | 12.3

Action                   |  1- 3 |  4- 6 |  7- 9 | 10-12 | 13-15 | 16-18 || total
-------------------------+-------+-------+-------+-------+-------+-------++-------
Melee: Long sword        |   109 |   173 |   568 |   132 |       |       ||   982
       Tailslap          |    16 |    20 |    79 |    98 |   169 |    36 ||   418
       Demon blade       |       |       |       |   391 |   971 |   148 ||  1510
       Dagger            |       |       |       |    32 |    35 |       ||    67
Invok: Injury Mirror     |       |       |     2 |     2 |     1 |       ||     5
       Recall Undead Sla |       |       |     1 |     1 |     1 |     2 ||     5
       Animate Dead      |       |       |     1 |       |    37 |    13 ||    51
       Animate Remains   |       |       |       |     7 |       |       ||     7
       Drain Life        |       |       |       |       |    13 |     8 ||    21
       Enslave Soul      |       |       |       |       |     1 |       ||     1
 Abil: Rolling Charge    |     9 |     3 |     2 |       |     1 |       ||    15
Evoke: Wand              |       |       |     6 |    26 |    70 |     8 ||   110
       Condenser vane    |       |       |       |       |     3 |       ||     3
  Use: Scroll            |       |     4 |     8 |     1 |    13 |     5 ||    31
       Potion            |       |       |     4 |     8 |     9 |     5 ||    26
 Stab: Paralysed         |       |       |     2 |       |       |       ||     2
       Distracted        |       |       |       |       |    10 |       ||    10
       Petrified         |       |       |       |       |     7 |       ||     7
       Confused          |       |       |       |       |     5 |       ||     5
Armor: Scale mail        |    27 |     7 |       |       |       |       ||    34
       Ring mail         |       |    38 |     4 |       |    14 |       ||    56
       Chain mail        |       |       |   143 |   255 |   334 |    36 ||   768
       Leather armour    |       |       |    48 |    38 |       |       ||    86
Dodge: Dodged            |    17 |    34 |    93 |   129 |   170 |    14 ||   457
Block: Kite shield       |    84 |   143 |   508 |   519 |   786 |   106 ||  2146
       Reflection        |       |     7 |     7 |     7 |    67 |    14 ||   102
       Rpst.: Long sword |     6 |    14 |    28 |    12 |       |       ||    60
       Demon blade       |       |       |       |    25 |    24 |     3 ||    52

Table legend: (Time is in decaauts)
 A = Elapsed time spent in this place.
 B = Non-inter-level travel time spent in this place.
 C = Inter-level travel time spent in this place.
 D = Time resting spent in this place.
 E = Time spent auto-exploring this place.
 F = Levels seen in this place.
 G = Mean time per level.
                   A        B        C        D        E       F      G
               +--------+--------+--------+--------+--------+-----+--------+
         Total |  36729 |  34782 |   1947 |   8884 |  18309 |  28 | 1311.8 |
       Dungeon |  14271 |  13213 |   1058 |   2125 |   8294 |  14 | 1019.4 |
        Temple |    145 |    132 |     13 |      0 |    124 |   1 |  145.0 |
          Lair |  12359 |  11744 |    615 |   3658 |   5919 |   6 | 2059.8 |
        Shoals |   8471 |   8211 |    260 |   2814 |   3698 |   4 | 2117.8 |
     Snake Pit |    291 |    291 |      0 |     35 |     25 |   1 |  291.0 |
         Sewer |    383 |    383 |      0 |      4 |      0 |   1 |  383.0 |
      Gauntlet |    805 |    805 |      0 |    248 |    248 |   1 |  805.0 |
               +--------+--------+--------+--------+--------+-----+--------+

Top non-repeatable levels by time:
  Lair:1: 3228 daAuts
Shoals:4: 3156 daAuts
  Lair:5: 2855 daAuts
  Lair:6: 2722 daAuts
     D:9: 2201 daAuts
Shoals:3: 2013 daAuts
Shoals:2: 1887 daAuts
     D:2: 1725 daAuts
     D:7: 1592 daAuts
     D:4: 1575 daAuts
  Lair:4: 1454 daAuts
     D:3: 1428 daAuts
Shoals:1: 1413 daAuts
     D:8: 1248 daAuts
  Lair:3: 1151 daAuts
